 Dungeon Crawl Stone Soup version 0.22.1-6-g1668fe2 (webtiles) character file.

3692 Fang the Cleaver (level 10, -5/61 HPs)
             Began as a Gargoyle Berserker on Feb 4, 2019.
             Was an Elder of Trog.
             Killed from afar by a ynoxinul (14 damage)
             ... with an iron shot
             ... on level 1 of the Abyss.
             The game lasted 00:13:34 (7830 turns).

Fang the Cleaver (Gargoyle Berserker)               Turns: 7830, Time: 00:13:34

Health: -5/61      AC: 34    Str: 23    XL:     10   Next: 13%
Magic:  14/19      EV:  8    Int: 12    God:    Trog [****..]
Gold:   426        SH:  0    Dex:  9    Spells: 9/9 levels left

rFire    . . .     SeeInvis .   z - +1 war axe
rCold    . . .     Gourm    .   (no shield)
rNeg     + . .     Faith    .   u - +10 plate armour of a wizard's laboratory {+Inv MP+9 Str-3}
rPois    ∞         Spirit   .   (no helmet)
rElec    +         Reflect  .   b - +0 cloak "Ycwainug" {MR++ Int+4}
rCorr    .         Harm     .   k - +1 pair of gloves
MR       ++...                  (no boots)
Stlth    ..........             (no amulet)
HPRegen  0.20/turn              e - ring of flight
MPRegen  0.16/turn              o - +2 ring of strength

@: no status effects
A: negative energy resistance 1, electricity resistance, unbreathing,
petrification resistance, rot immunity, AC +7
a: Berserk, Trog's Hand, Brothers in Arms, Renounce Religion, Evoke
Invisibility, Evoke Flight


You were on level 1 of the Abyss.
You worshipped Trog.
Trog was greatly pleased with you.
You were near starving.

You visited 2 branches of the dungeon, and saw 9 of its levels.
You visited the Abyss 1 time.
You also visited: Ossuary.

You collected 426 gold pieces.

Inventory:

Hand Weapons
 z - a +1 war axe (weapon)
Missiles
 t - 7 poisoned javelins (quivered)
Armour
 b - the +0 cloak "Ycwainug" (worn) {MR++ Int+4}
   (You found it on level 4 of the Dungeon)

   It affects your intelligence (+4).
   It affects your resistance to hostile enchantments.
 k - a +1 pair of gloves (worn)
 u - the +10 plate armour of a wizard's laboratory (worn) {+Inv MP+9 Str-3}
   (You found it on level 4 of the Dungeon)

   It affects your strength (-3).
   It affects your magic capacity (+9).
   It lets you turn invisible.
Jewellery
 e - a ring of flight (left hand)
 o - a +2 ring of strength (right hand)
Wands
 h - a wand of flame (20)
 q - a wand of iceblast (9)
 v - a wand of disintegration (15)
Scrolls
 m - 7 scrolls of remove curse
 s - 3 scrolls of teleportation
 y - 2 scrolls of blinking
Potions
 d - 5 potions of haste
 f - 3 potions of curing
 g - a potion of magic {unknown}
 i - a potion of mutation {unknown}
 j - a potion of cancellation
 l - a potion of lignification
 n - 3 potions of brilliance {unknown}
 p - a potion of heal wounds {unknown}
 r - 2 potions of flight {unknown}
 w - a potion of agility {unknown}
 x - a potion of degeneration {unknown}
Comestibles
 c - 10 rations


   Skills:
 + Level 6.9 Fighting
 + Level 9.6 Axes
 + Level 8.2 Armour
 + Level 3.8 Dodging
 + Level 1.2 Stealth


You had 9 spell levels left.
You didn't know any spells.
Your spell library was empty.

Dungeon Overview and Level Annotations

Branches:
Dungeon (8/15)             Temple (1/1) D:7
   Lair: D:8-11

Altars:
Ru
Sif Muna
Trog
Uskayaw
Vehumet

Annotations:
D:8 Psyche


Innate Abilities, Weirdness & Mutations

You are resistant to torment.
Your stone body is resilient. (AC +7)
You are immune to poison.
You resist negative energy. (rN+)
You are resistant to electric shocks. (rElec)
You can survive without breathing.
You are immune to petrification.
You are immune to rotting.


Message History

* * * LOW HITPOINT WARNING * * *
The smoke demon hits you but does no damage. x3
The chaos spawn is engulfed in a cloud of scalding steam.
The chaos spawn hits you but does no damage.
The ynoxinul bellows!
You hit the eye of draining but do no damage.
You slash the ynoxinul! You closely miss the chaos spawn.
You slash the smoke demon!
The smoke demon hits you but does no damage. x3
The chaos spawn is engulfed in a cloud of scalding steam.
The chaos spawn hits you but does no damage.
The eye of draining is engulfed in a cloud of scalding steam.
You hit the eye of draining but do no damage.
The eye of draining is heavily wounded.
You hit the ynoxinul. You hit the chaos spawn. You barely miss the smoke demon.
The smoke demon hits you but does no damage. x3
The chaos spawn closely misses you. The ynoxinul gestures at you.
The iron shot hits you!
You die...

≈ ≈ #... .≈♣≈♣≈..
.## ..≈≈≈... #..#
##≈≈.....#..#
#.≈≈≈#≈.....## #
..≈#≈≈≈.#..#.#...
..≈≈#.#........
##.≈♣§3#4..##....
....≈≈G@...#. ###
#..≈≈≈3......#
...#≈≈##..##.# .
#..≈#....###
..#.#..#....# ##
##..# #....#
######.....#
##.### # ##


You could see an eye of draining, a smoke demon, a ynoxinul and a chaos spawn.

Vanquished Creatures
  Pikel (D:4)
  Grinder (D:5)
  A hippogriff (D:7)
  A hungry ghost (D:7)
  Menkaure (D:7)
  2 orc warriors
  A black bear (D:6)
  A necrophage (D:5)
  3 ogres
  2 phantoms
  4 centaurs
  An elf zombie (Ossuary)
  A small abomination (Abyss:1)
  2 scorpions (D:7)
  6 killer bees (D:7)
  4 howler monkeys
  3 centaur zombies
  A crimson imp (D:6)
  A jelly (D:5)
  An orc priest (D:4)
  4 hounds
  A bullfrog skeleton (D:7)
  A human zombie (Ossuary)
  2 iguanas
  4 orc wizards
  3 worker ants
  A hound skeleton (D:4)
  2 mummies (Ossuary)
  4 gnolls (D:5)
  7 adders
  A shadow imp (D:5)
  2 adder zombies (Ossuary)
  2 worms
  2 dart slugs
  5 leopard geckos
  9 orcs
  6 giant cockroaches
  5 goblins
  7 hobgoblins
  5 jackals (D:2)
  9 kobolds
  3 quokkas
  A ball python (D:6)
  9 bats
  3 frilled lizards
  2 goblin zombies (Ossuary)
  4 hobgoblin zombies (Ossuary)
  2 jackal zombies (Ossuary)
  12 kobold zombies (Ossuary)
  12 orc zombies (Ossuary)
  A quokka skeleton (D:6)
  A quokka zombie (D:7)
  8 rats
  A bush (D:1)
179 creatures vanquished.

Vanquished Creatures (others)
  A plant (D:1)
1 creature vanquished.

Grand Total: 180 creatures vanquished

Notes
Turn   | Place    | Note
-------+----------+-------------------------------------------
     0 | D:1      | Fang the Gargoyle Berserker began the quest for the Orb.
     0 | D:1      | Reached XP level 1. HP: 14/14 MP: 1/1
   167 | D:1      | Reached XP level 2. HP: 13/19 MP: 2/2
   178 | D:1      | Reached skill level 3 in Axes
   802 | D:1      | Reached XP level 3. HP: 24/24 MP: 3/3
  1027 | D:1      | Reached ** piety under Trog
  1615 | D:2      | Reached XP level 4. HP: 21/29 MP: 4/4
  2286 | D:2      | Found a faded altar of an unknown god.
  2676 | D:3      | Reached skill level 4 in Axes
  3333 | D:4      | Reached XP level 5. HP: 22/33 MP: 5/5
  3338 | D:4      | Got a brightly glowing cloak
  3412 | D:4      | Identified the +0 cloak "Ycwainug" {MR++ Int+4} (You found
                  | it on level 4 of the Dungeon)
  3467 | D:4      | Noticed an ogre
  3474 | D:4      | Killed an ogre
  3474 | D:4      | Reached XP level 6. HP: 36/38 MP: 6/6
  3515 | D:4      | Found a sand-covered staircase.
  3555 | Ossuary  | Entered an ossuary
  3678 | Ossuary  | Reached *** piety under Trog
  3824 | Ossuary  | Reached skill level 5 in Axes
  4335 | Ossuary  | Reached skill level 1 in Stealth
  4364 | Ossuary  | Reached XP level 7. HP: 38/44 MP: 7/7
  4539 | D:4      | Got a pitted plate armour
  4557 | D:4      | Identified the +10 plate armour of a wizard's laboratory
                  | {+Inv MP+9 Str-3} (You found it on level 4 of the Dungeon)
  4704 | D:4      | Reached **** piety under Trog
  4773 | D:4      | Noticed Pikel
  4793 | D:4      | Killed Pikel
  4793 | D:4      | Reached skill level 5 in Fighting
  4793 | D:4      | Reached skill level 6 in Axes
  4793 | D:4      | Reached XP level 8. HP: 49/49 MP: 8/8
  5231 | D:5      | Entered Level 5 of the Dungeon
  5231 | D:5      | Noticed Grinder
  5252 | D:5      | Killed Grinder
  5252 | D:5      | Reached skill level 7 in Axes
  5252 | D:5      | Reached skill level 5 in Armour
  5454 | D:5      | Received a gift from Trog
  5454 | D:5      | Reached skill level 8 in Axes
  5454 | D:5      | Reached XP level 9. HP: 37/54 MP: 9/9
  6834 | D:7      | Reached skill level 9 in Axes
  7226 | D:7      | Noticed Menkaure
  7234 | D:7      | Killed Menkaure
  7284 | D:7      | Reached XP level 10. HP: 61/61 MP: 10/10
  7428 | D:7      | Found a staircase to the Ecumenical Temple.
  7451 | Temple   | Entered the Ecumenical Temple
  7639 | D:8      | Noticed Psyche
  7658 | D:8      | Cast into level 1 of the Abyss (Psyche)
  7818 | Abyss:1  | Noticed a smoke demon
  7830 | Abyss:1  | Killed from afar by a ynoxinul

Skill      XL: |  1  2  3  4  5  6  7  8  9 10 |
---------------+-------------------------------+-----
Axes           | 3 4 5 6 8 9 |  9.6
Dodging        | 2 3 |  3.8
Fighting       | 4 5 6 |  6.9
Armour         | 3 4 5 7 8 |  8.2
Stealth        | 1 |  1.2

Action                   |  1- 3 |  4- 6 |  7- 9 | 10-12 || total
-------------------------+-------+-------+-------+-------++-------
Melee: Hand axe          |   180 |   224 |   241 |       ||   645
       War axe           |       |    14 |   127 |    58 ||   199
Invok: Berserk           |       |     3 |     5 |     1 ||     9
  Use: Scroll            |       |     9 |     5 |     1 ||    15
 Stab: Sleeping          |     1 |       |       |       ||     1
  Eat: Chunk             |     2 |     8 |    13 |     1 ||    24
       Ration            |       |     1 |     2 |       ||     3
Armor: Animal skin       |     6 |       |       |       ||     6
       Ring mail         |    95 |    96 |     3 |       ||   194
       Plate armour      |       |       |   335 |    83 ||   418
       Skin              |       |       |     3 |       ||     3
Dodge: Dodged            |   137 |   120 |   161 |    29 ||   447
